 Dungeon Crawl Stone Soup version 0.26-a0-712-ga5a9c9c9d0 (webtiles) character file.

Game seed: 14618312463773195991

(classic levelgen) 67688 EnegeticOcto the Champion of Chaos (level 14, -14/130 HPs)
             Began as a Deep Dwarf Fighter on Nov 3, 2020.
             Was the Champion of Makhleb.
             Demolished by an emperor scorpion (16 damage)
             ... on level 4 of the Spider Nest.
             The game lasted 00:10:18 (8682 turns).

EnegeticOcto the Champion of Chaos (DDFi)           Turns: 8682, Time: 00:10:18

Health: -14/130    AC: 22    Str: 27    XL:     14   Next: 83%
Magic:  7/10       EV:  8    Int: 12    God:    Makhleb [******]
Gold:   1160       SH: 14    Dex: 17    Spells: 13/13 levels left

rFire    + . .     SeeInvis +   a - +5 broad axe "Kacadairu" {vorpal, Str+3 Int+2 Dex+3}
rCold    + . .     Faith    +   c - +0 kite shield
rNeg     + . .     Spirit   .   w - +7 chain mail
rPois    +         Reflect  .   (no helmet)
rElec    +         Harm     .   v - +0 cloak
rCorr    .         Rampage  .   h - +0 pair of gloves "Luilerhy" {rC+ MR+ Dex+2 SInv}
MR       +++..                  (no boots)
Stlth    ..........             z - amulet of faith
HPRegen  0.00/turn              u - ring of protection from fire
MPRegen  0.12/turn              A - ring of the Lumpy Spirits {rElec rPois}

@: mighty, lethally poisoned (-14 -> -59), non-regenerating
A: damage resistance, heal wounds, negative energy resistance 1, sense
surroundings 2, no regeneration
a: Heal Wounds, Minor Destruction, Lesser Servant of Makhleb, Major Destruction,
Greater Servant of Makhleb, Renounce Religion


You were on level 4 of the Spider Nest.
You worshipped Makhleb.
Makhleb was exalted by your worship.
You visited 5 branches of the dungeon, and saw 21 of its levels.
You also visited: Bailey.

You collected 2606 gold pieces.
You spent 1446 gold pieces at shops.

Inventory:

Hand Weapons
 a - the +5 broad axe "Kacadairu" (weapon) {vorpal, Str+3 Int+2 Dex+3}
   (You acquired it on level 6 of the Dungeon)

   It inflicts extra damage upon your enemies.
   It affects your strength (+3).
   It affects your intelligence (+2).
   It affects your dexterity (+3).
Missiles
 b - 2 throwing nets (quivered)
Armour
 c - a +0 kite shield (worn)
 h - the +0 pair of gloves "Luilerhy" (worn) {rC+ MR+ Dex+2 SInv}
   (You found it on level 8 of the Dungeon)

   It affects your dexterity (+2).
   It protects you from cold.
   It affects your resistance to hostile enchantments.
   It lets you see invisible.
 l - a +0 chain mail
 v - a +0 cloak (worn)
 w - a +7 chain mail (worn)
Jewellery
 u - a ring of protection from fire (left hand)
 y - an uncursed ring of protection from cold
 z - an amulet of faith (around neck)
 A - the ring of the Lumpy Spirits (right hand) {rElec rPois}
   (You found it in a bailey)

   [ring of poison resistance]

   It insulates you from electricity.
   It protects you from poison.
 H - an uncursed amulet of the acrobat
Wands
 n - a wand of polymorph (12)
 o - a wand of digging (7) {@v3}
 q - a wand of paralysis (14)
 t - a wand of disintegration (25)
 x - a wand of iceblast (15) {@v2}
Scrolls
 i - 9 scrolls of teleportation {@r3}
 j - 2 scrolls of summoning
 m - 3 scrolls of enchant weapon
 r - 2 scrolls of fear
 B - 2 scrolls of blinking
 D - 4 scrolls of immolation {@r4}
 E - 3 scrolls of remove curse {@r2}
 F - a scroll of identify {@r1}
Potions
 d - a potion of might {@q3}
 e - 2 potions of haste {@q4}
 g - 4 potions of heal wounds {@q2}
 k - 3 potions of curing {@q1}
 p - 4 potions of cancellation
 s - a potion of stabbing
 C - 3 potions of resistance {@q5}
 G - 3 potions of ambrosia
Miscellaneous
 I - a phantom mirror (inert)


   Skills:
 + Level 9.8 Fighting
 * Level 15.0 Axes
 + Level 11.4 Armour
 + Level 11.6 Shields
 * Level 16.4 Invocations
 + Level 7.3 Evocations


You had 13 spell levels left.
You didn't know any spells.
Your spell library was empty.

Dungeon Overview and Level Annotations

Branches:
Dungeon (13/15)            Temple (1/1) D:5            Lair (2/6) D:10
 Shoals (0/4) Lair:2       Spider (4/4) Lair:2          Orc (1/2) D:11
 Vaults (0/5) D:13         Bailey (visited)

Altars:
Ashenzari
Cheibriados
Dithmenos
Elyvilon
Fedhas
Gozag
Hepliaklqana
Kikubaaqudgha
Makhleb
Nemelex Xobeh
Okawaru
Qazlal
Ru
Sif Muna
Trog
Uskayaw
Vehumet
Wu Jian
Xom
Yredelemnul
Zin
The Shining One
Beogh
Jiyva

Shops:
D:10 !!??[   D:13 *

Annotations:
D:4 3 runed translucent doors
D:5 2 runed translucent doors


Innate Abilities, Weirdness & Mutations

You are resistant to damage.
You can heal yourself by infusing magical energy.
You resist negative energy. (rN+)
You passively map the area around you.
You do not regenerate.


Message History

The emperor scorpion claws you but does no damage.
You slice the emperor scorpion!!
The emperor scorpion is heavily wounded.
You miss the hornet. The hornet stings you. The emperor scorpion misses you.
You block the emperor scorpion's attack. x2
You block the hornet's attack.
You completely miss the emperor scorpion.
The emperor scorpion is heavily wounded.
You slash the hornet! The emperor scorpion stings you.
The emperor scorpion closely misses you.
The emperor scorpion claws you but does no damage.
You block the hornet's attack.
You hit the emperor scorpion.
The emperor scorpion is heavily wounded.
You slash the hornet!
You block the emperor scorpion's attack.
The emperor scorpion claws you!
The emperor scorpion claws you but does no damage.
You block the hornet's attack.
You barely miss the hornet.
The hornet is severely wounded.
You hit the emperor scorpion. The emperor scorpion stings you!!
The emperor scorpion claws you but does no damage.
You block the emperor scorpion's attack.
You block the hornet's attack. The emperor scorpion stings you!!
* * * LOW HITPOINT WARNING * * *
You are more poisoned.
The emperor scorpion poisons you!
You block the emperor scorpion's attack.
The emperor scorpion claws you.
* * * LOW HITPOINT WARNING * * *
You are too injured to fight recklessly!
You are too injured to fight recklessly!
You are too injured to fight recklessly!
You are too injured to fight recklessly!
You are too injured to fight recklessly!
You are too injured to fight recklessly!
You are too injured to fight recklessly!
You are too injured to fight recklessly!
You are too injured to fight recklessly!
You are too injured to fight recklessly!
You are too injured to fight recklessly!
You are too injured to fight recklessly!
You are too injured to fight recklessly!
You feel much better.
You feel very sick. You block the hornet's attack.
The emperor scorpion closely misses you.
The emperor scorpion claws you but does no damage.
You block the emperor scorpion's attack.
The hornet stings you but does no damage.
A demon appears!
You feel very sick.
You block the emperor scorpion's attack.
The emperor scorpion claws you but does no damage. x2
The hornet stings you.
You feel yourself slow down.
The emperor scorpion stings you but does no damage.
The emperor scorpion claws you!
* * * LOW HITPOINT WARNING * * *
The emperor scorpion claws you.
* * * LOW HITPOINT WARNING * * *
You feel much better.
You feel yourself speed up.
You feel very sick.
The hornet stings you but does no damage.
The emperor scorpion stings you!!
* * * LOW HITPOINT WARNING * * *
You are lethally poisoned!
The emperor scorpion poisons you! The emperor scorpion claws you!
* * * LOW HITPOINT WARNING * * *
You block the emperor scorpion's attack.
You block the hornet's attack.
Your cacodemon gestures at the hornet.
The hornet twists and deforms.
The emperor scorpion stings you!
* * * LOW HITPOINT WARNING * * *
You block the emperor scorpion's attack.
The emperor scorpion claws you but does no damage.
The hornet stings your cacodemon.
You feel much better.
* * * LOW HITPOINT WARNING * * *
You feel very sick. The emperor scorpion stings you!!
* * * LOW HITPOINT WARNING * * *
The emperor scorpion claws you but does no damage. x2
The hornet closely misses your cacodemon.
Your cacodemon gestures at the hornet.
The hornet struggles to resist.
You feel much better.
* * * LOW HITPOINT WARNING * * *
You feel very sick. The emperor scorpion stings you!
* * * LOW HITPOINT WARNING * * *
The emperor scorpion claws you but does no damage. x2
The hornet stings your cacodemon but does no damage.
Your cacodemon barely misses the hornet.
Your cacodemon hits the hornet!!
The hornet dies!
Makhleb accepts your kill. The emperor scorpion stings you!
You die...

^* , #....###..###.##.. ,
* *
..,#...(..#†..#......# ≈≈
*..^#.....†.†..#.........
^
..#..^#.^†#†....#.#....,
*≈
#.#y......#..=....##..##
..s.s^#.....#.....###^^[
≈,
#.ss..#^..........##^...
≈ ≈
...ss.#?..)....#^^#.##..
,
.#^.#.#@.^........^..^.#
,,
..^.#.^s##...#^..#..#..#
,
,^..^.††2†....#.#.##.#..#
,
.#^#..^.#......†.......^
,
,#≈...†.†......#^......#
,,
#^.###.#..#...........# ,
, ..^# ###.^.......#....#
^ ^ .## #^#....#.....^..
** ^ ≈ .......#.#^.....


You could see an emperor scorpion (berserk) and a friendly cacodemon (summoned).

Vanquished Creatures
  Jorgrun (D:12)
  3 ghost moths (Spider:4)
  5 emperor scorpions
  A hydra (D:13)
  2 boulder beetles
  3 centaur warriors
  2 dancing weapons (D:13)
  6 two-headed ogres
  3 death yaks (D:10)
  Urug (D:12)
  2 unseen horrors (D:11)
  A flayed ghost (D:12)
  An orc knight (D:13)
  A phantasmal warrior (D:12)
  A deep elf mage (D:12)
  7 orb spiders
  An ugly thing (D:12)
  A cyclops (D:13)
  17 wolf spiders
  A moth of wrath (Spider:4)
  3 gargoyles (D:12)
  A torpor snail (Spider:2)
  A cane toad (Lair:1)
  2 kobold demonologists
  8 demonic crawlers (Spider:4)
  A komodo dragon (shapeshifter) (D:12)
  A rime drake (Lair:1)
  7 jumping spiders
  2 trolls
  2 hornets
  A slime creature (D:12)
  A wraith (D:13)
  A wyvern (Lair:1)
  18 redbacks
  9 tarantellas
  29 yaks
  2 vampire mosquitoes (D:12)
  Edmund (D:5)
  A warg (Orc:1)
  An acid dragon (D:12)
  A water moccasin (shapeshifter) (D:13)
  5 water moccasins
  Duvessa (D:5)
  3 ice beasts
  2 sky beasts
  23 orc warriors
  A phantom (D:5)
  11 ogres
  4 black bears
  An eye of draining (D:12)
  11 centaurs
  13 big kobolds
  13 bullfrogs
  Dowan (D:5)
  8 scorpions
  2 water moccasin skeletons (D:11)
  10 killer bees
  13 wights
  5 jellies
  A bullfrog zombie (D:5)
  A centaur zombie (D:7)
  3 bullfrog skeletons
  7 hounds
  11 orc priests
  3 centaur skeletons
  Jessica (D:2)
  Ijyb (D:5)
  2 iguanas
  12 orc wizards
  8 worker ants
  2 hound zombies
  A hound skeleton (D:6)
  2 worker ant zombies
  10 adders
  5 gnolls
  3 shadow imps
  5 white imps
  5 ufetubi
  An adder skeleton (D:5)
  3 worms
  A dart slug (D:3)
  5 leopard geckos
  91 orcs
  5 giant cockroaches
  11 goblins
  8 hobgoblins
  6 jackals
  4 quokkas
  2 bats
  2 frilled lizards (D:5)
  36 kobolds
  A leopard gecko skeleton (D:8)
539 creatures vanquished.

Vanquished Creatures (collateral kills)
  Rupert (D:13)
  2 hydras
  A wolf spider (Spider:2)
  An orb spider (Spider:4)
  A cane toad (Lair:1)
  A demonic crawler (Spider:1)
  4 jumping spiders
  2 hornets (Spider:4)
  8 redbacks
  2 tarantellas (Spider:4)
  2 yaks (Lair:2)
  3 orc warriors (Bailey)
  7 centaurs
  5 orcs (Bailey)
40 creatures vanquished.

Vanquished Creatures (others)
  An orb spider (Spider:4)
  A soldier ant (D:12)
  A howler monkey (D:12)
  An orc wizard (D:3)
  2 orcs (Bailey)
  2 fungi
  4 plants (Lair:2)
12 creatures vanquished.

Grand Total: 591 creatures vanquished

Notes
Turn   | Place    | Note
-------+----------+-------------------------------------------
     0 | D:1      | EnegeticOcto the Deep Dwarf Fighter began the quest for the
                  | Orb.
     0 | D:1      | Reached XP level 1. HP: 20/20 MP: 1/1
    55 | D:1      | Reached XP level 2. HP: 25/27 MP: 2/2
   173 | D:2      | Reached XP level 3. HP: 19/33 MP: 3/3
   199 | D:2      | Noticed Jessica
   206 | D:2      | Killed Jessica
   206 | D:2      | Reached XP level 4. HP: 29/42 MP: 4/4
   448 | D:3      | Reached XP level 5. HP: 44/49 MP: 5/5
   515 | D:4      | Found a runed translucent gate.
   515 | D:4      | Found a runed translucent gate.
   515 | D:4      | Found a runed translucent gate.
   551 | D:4      | Found a sparkling altar of Nemelex Xobeh.
   597 | D:5      | Entered Level 5 of the Dungeon
   712 | D:5      | Noticed Ijyb
   721 | D:5      | Killed Ijyb
   721 | D:5      | Reached XP level 6. HP: 37/57 MP: 6/6
   779 | D:5      | Reached skill level 5 in Axes
   845 | D:5      | Noticed an ice beast
   859 | D:5      | Killed an ice beast
   859 | D:5      | Reached skill level 5 in Armour
   859 | D:5      | Reached skill level 5 in Shields
   859 | D:5      | Reached XP level 7. HP: 50/64 MP: 7/7
   962 | D:5      | Found a staircase to the Ecumenical Temple.
  1030 | Temple   | Entered the Ecumenical Temple
  1195 | Temple   | Became a worshipper of Makhleb the Destroyer
  1264 | D:5      | Reached skill level 1 in Invocations
  1273 | D:5      | Noticed Dowan
  1274 | D:5      | Noticed Duvessa
  1296 | D:5      | Killed Duvessa
  1296 | D:5      | Reached skill level 2 in Invocations
  1302 | D:5      | Killed Dowan
  1318 | D:5      | Noticed Edmund
  1353 | D:5      | Killed Edmund
  1353 | D:5      | Reached skill level 3 in Invocations
  1405 | D:5      | Reached XP level 8. HP: 61/73 MP: 9/9
  1406 | D:5      | Found a runed translucent door.
  1407 | D:5      | Found a runed translucent door.
  1668 | D:6      | Reached skill level 4 in Invocations
  1877 | D:6      | Reached * piety under Makhleb
  2057 | D:6      | Identified a scroll of acquirement
  2057 | D:6      | Acquired the +5 broad axe "Kacadairu" {vorpal, Str+3 Int+2
                  | Dex+3}
  2119 | D:7      | Reached skill level 5 in Invocations
  2229 | D:7      | Reached skill level 5 in Fighting
  2253 | D:7      | You fall into a shaft and drop 3 floors!
  2253 | D:10     | Entered Level 10 of the Dungeon
  2254 | D:10     | Noticed a death yak
  2259 | D:10     | Found Loz Owef's Distillery.
  2276 | D:10     | Killed a death yak
  2276 | D:10     | Reached skill level 6 in Invocations
  2276 | D:10     | Gained mutation: You passively map the area around you.
                  | [Deep Dwarf growth]
  2276 | D:10     | Reached XP level 9. HP: 55/81 MP: 11/11
  2286 | D:10     | Found Jaschea's Distillery.
  2300 | D:10     | Bought a potion of haste for 150 gold pieces
  2450 | D:9      | Noticed a two-headed ogre
  2462 | D:9      | Killed a two-headed ogre
  2462 | D:9      | Reached skill level 7 in Invocations
  2542 | D:8      | Reached ** piety under Makhleb
  2570 | D:8      | Reached skill level 8 in Invocations
  2684 | D:8      | Noticed a two-headed ogre
  2697 | D:8      | Killed a two-headed ogre
  2697 | D:8      | Reached XP level 10. HP: 73/91 MP: 13/13
  2938 | D:7      | Reached skill level 9 in Invocations
  3135 | D:8      | Paralysed by an orc for 4 turns
  3139 | D:8      | Reached *** piety under Makhleb
  3179 | D:8      | Got a pair of crude gloves
  3189 | D:8      | Identified the +0 pair of gloves "Luilerhy" {rC+ MR+ Dex+2
                  | SInv} (You found it on level 8 of the Dungeon)
  3940 | D:9      | Noticed a smoke demon
  3945 | D:9      | Reached skill level 10 in Axes
  3959 | D:9      | Reached **** piety under Makhleb
  4084 | D:9      | Reached skill level 10 in Invocations
  4284 | D:10     | Found a staircase to the Lair.
  4285 | D:10     | Noticed a death yak
  4285 | D:10     | Noticed a death yak
  4292 | D:10     | Killed a death yak
  4302 | D:10     | Killed a death yak
  4302 | D:10     | Reached XP level 11. HP: 99/99 MP: 14/14
  4472 | D:10     | Reached ***** piety under Makhleb
  4547 | D:10     | Found Hurisyivoim's Magic Scroll Boutique.
  4551 | D:10     | Bought a scroll of enchant armour for 105 gold pieces
  4581 | D:10     | Found Itec's Armour Shop.
  4670 | D:10     | Found Ybyler Araf's Magic Scroll Shop.
  4836 | D:11     | Noticed a centaur warrior
  4850 | D:11     | Killed a centaur warrior
  4850 | D:11     | Reached skill level 11 in Invocations
  4895 | D:11     | Found a staircase to the Orcish Mines.
  4898 | D:11     | Noticed an unseen horror
  4915 | D:11     | Killed an unseen horror
  4992 | Orc:1    | Entered Level 1 of the Orcish Mines
  5005 | Orc:1    | Found a roughly hewn altar of Beogh.
  5045 | Orc:1    | Reached ****** piety under Makhleb
  5340 | Orc:1    | Found a flagged portal.
  5346 | Bailey   | Entered a bailey
  5506 | Bailey   | Acquired 1060 gold pieces
  5507 | Bailey   | Got a slimy golden ring
  5508 | Bailey   | Identified the ring of the Lumpy Spirits {rElec rPois} (You
                  | found it in a bailey)
  5534 | Bailey   | Reached skill level 12 in Invocations
  6040 | D:10     | Bought a scroll of blinking for 127 gold pieces
  6040 | D:10     | Bought a scroll of blinking for 127 gold pieces
  6040 | D:10     | Bought a scroll of teleportation for 51 gold pieces
  6040 | D:10     | Bought a scroll of teleportation for 51 gold pieces
  6040 | D:10     | Bought a scroll of teleportation for 51 gold pieces
  6040 | D:10     | Bought a scroll of summoning for 161 gold pieces
  6082 | D:10     | Bought a potion of resistance for 140 gold pieces
  6090 | D:10     | Bought a potion of heal wounds for 75 gold pieces
  6090 | D:10     | Bought a potion of cancellation for 120 gold pieces
  6090 | D:10     | Bought a potion of cancellation for 120 gold pieces
  6264 | D:11     | Noticed a boulder beetle
  6286 | D:11     | Killed a boulder beetle
  6385 | D:11     | Noticed an unseen horror
  6398 | D:11     | Killed an unseen horror
  6398 | D:11     | Reached XP level 12. HP: 106/110 MP: 12/12
  6458 | D:12     | Noticed Urug
  6476 | D:12     | Killed Urug
  6538 | D:12     | Noticed a two-headed ogre
  6544 | D:12     | Killed a two-headed ogre
  6754 | D:12     | Found a viscous altar of Jiyva.
  6756 | D:12     | Noticed Jorgrun
  6781 | D:12     | Killed Jorgrun
  6781 | D:12     | Reached skill level 13 in Invocations
  7105 | D:12     | Noticed a two-headed ogre
  7112 | D:12     | Killed a two-headed ogre
  7150 | D:13     | Noticed a boulder beetle
  7157 | D:13     | Reached skill level 10 in Shields
  7174 | D:13     | Killed a boulder beetle
  7174 | D:13     | Reached skill level 10 in Armour
  7174 | D:13     | Reached skill level 1 in Evocations
  7275 | D:13     | Noticed an eight-headed hydra
  7296 | D:13     | Killed a ten-headed hydra
  7296 | D:13     | Reached XP level 13. HP: 87/118 MP: 11/11
  7336 | D:13     | Reached skill level 14 in Invocations
  7408 | D:13     | Found Obregur's General Store.
  7416 | D:13     | Bought a scroll of teleportation for 48 gold pieces
  7416 | D:13     | Bought a scroll of enchant armour for 120 gold pieces
  7417 | D:13     | Noticed Rupert
  7453 | D:13     | Killed Rupert
  7505 | D:13     | Found a gate to the Vaults.
  7670 | Lair:1   | Entered Level 1 of the Lair of Beasts
  7943 | Lair:2   | Found a staircase to the Shoals.
  8243 | Lair:2   | Found a hole to the Spider Nest.
  8273 | Spider:1 | Entered Level 1 of the Spider Nest
  8274 | Spider:1 | Noticed an emperor scorpion
  8280 | Spider:1 | Reached skill level 5 in Evocations
  8292 | Spider:1 | Killed an emperor scorpion
  8292 | Spider:1 | Reached skill level 15 in Invocations
  8398 | Spider:2 | Gained mutation: You resist negative energy. (rN+) [Deep
                  | Dwarf growth]
  8398 | Spider:2 | Reached XP level 14. HP: 126/129 MP: 10/10
  8425 | Spider:4 | Entered Level 4 of the Spider Nest
  8539 | Spider:4 | Noticed an emperor scorpion
  8572 | Spider:4 | Killed an emperor scorpion
  8595 | Spider:4 | Noticed a ghost moth
  8607 | Spider:4 | Noticed an emperor scorpion
  8609 | Spider:4 | Noticed a ghost moth
  8611 | Spider:4 | Noticed a ghost moth
  8613 | Spider:4 | Noticed an emperor scorpion
  8618 | Spider:4 | Noticed an emperor scorpion
  8618 | Spider:4 | Noticed an emperor scorpion
  8625 | Spider:4 | Killed a ghost moth
  8631 | Spider:4 | Reached skill level 16 in Invocations
  8632 | Spider:4 | Killed a ghost moth
  8648 | Spider:4 | Killed an emperor scorpion
  8654 | Spider:4 | Killed a ghost moth
  8662 | Spider:4 | Killed an emperor scorpion
  8662 | Spider:4 | Reached skill level 15 in Axes
  8669 | Spider:4 | Killed an emperor scorpion
  8680 | Spider:4 | HP: 4/130 [emperor scorpion (7)]
  8681 | Spider:4 | HP: 1/130 [emperor scorpion (17)]
  8682 | Spider:4 | Demolished by an emperor scorpion

Illustrated notes

Levels and vault maps discovered:
D:1:      evilmike_arrival_hilbert_curve, layout_basic, hex_intersection,
          minmay_misc_feat_five
D:2:      layout_loops_ring, uniq_jessica, uniq_terence, uniq_natasha
D:3:      layout_loops_ring
D:4:      layout_rooms, kennysheep_mini, gammafunk_ghost_icy
D:5:      lemuel_insect_pit, layout_basic, minmay_temple_entry_overgrown,
          cheibrodos_gnoll_hut, uniq_duvessa, uniq_ijyb, uniq_edmund
D:6:      layout_rooms
D:7:      layout_loops_ring, kennysheep_generic_room_10
D:8:      layout_basic
D:9:      layout_long_grid, special_room [special_room_kobold]
D:10:     layout_loops_cross, dpeg_lair_monsters, serial_shops,
          nicolae_shop_trees, nicolae_shop_stone, nicolae_shop_stone,
          nicolae_shop_stone, shop_fountains
D:11:     layout_roguey, erik_orc_3, nicolae_antique_artefacts
D:12:     minmay_shrinking_squares, layout_loops_ring, jiyva_altar_1,
          uniq_jorgrun, uniq_urug
D:13:     layout_roguey [special_room_orc], erik_vaults_1, serial_shops,
          kennysheep_mini_moat, uniq_rupert
Temple:   kilobyte_greek_temple
Lair:1:   layout_chaotic_city
Lair:2:   layout_regular_city, minmay_shoals_entry_centaurs,
          spider_nest_entry_funnel_web
Spider:1: layout_spider_delve, nicolae_spider_circle_web
Spider:2: layout_spider_delve, hangedman_spider_tarantella_strand
Spider:3: layout_chambers, uniq_kirke, uniq_agnes, uniq_nikola
Spider:4: grunt_spider_rune_island, drop_trap
Orc:1:    layout_diamond_mine, enter_bailey_3, minmay_orc_temple_a

Skill      XL: |  1  2  3  4  5  6  7  8  9 10 11 12 13 14 |
---------------+-------------------------------------------+-----
Axes           | 3 4 5 6 8 9 10 11 13 14 15 | 15.0
Fighting       | 3 4 5 6 7 8 9 |  9.8
Armour         | 4 5 6 7 8 9 10 11 | 11.4
Shields        | 4 5 6 7 8 9 10 11 | 11.6
Invocations    | 3 6 8 10 12 13 15 16 | 16.4
Evocations     | 2 5 7 |  7.3

Action                   |  1- 3 |  4- 6 |  7- 9 | 10-12 | 13-15 || total
-------------------------+-------+-------+-------+-------+-------++-------
Melee: War axe           |    63 |   160 |   184 |       |       ||   407
       Broad axe         |       |       |   111 |   686 |   399 ||  1196
Invok: Lesser Servant of |       |       |       |     3 |    18 ||    21
       Greater Servant o |       |       |       |       |     3 ||     3
 Abil: Heal Wounds       |     2 |     4 |    11 |    23 |    24 ||    64
Evoke: Wand              |       |       |       |    12 |     1 ||    13
       Phantom mirror    |       |       |       |     1 |     1 ||     2
  Use: Scroll            |       |       |    12 |    13 |     3 ||    28
       Potion            |       |       |       |       |     7 ||     7
 Stab: Distracted        |       |       |       |       |     6 ||     6
       Invisible         |       |       |       |       |    16 ||    16
Armor: Scale mail        |    45 |     6 |       |       |       ||    51
       Chain mail        |       |    82 |   128 |   315 |   568 ||  1093
Dodge: Dodged            |    26 |    29 |    66 |   188 |   284 ||   593
Block: Kite shield       |    47 |    81 |   153 |   512 |   508 ||  1301

Table legend: (Time is in decaauts)
 A = Elapsed time spent in this place.
 B = Non-inter-level travel time spent in this place.
 C = Inter-level travel time spent in this place.
 D = Time resting spent in this place.
 E = Time spent auto-exploring this place.
 F = Levels seen in this place.
 G = Mean time per level.
                   A        B        C        D        E       F      G
               +--------+--------+--------+--------+--------+-----+--------+
         Total |   8894 |   8061 |    833 |      4 |   4835 |  22 |  404.3 |
       Dungeon |   6692 |   6004 |    688 |      0 |   3713 |  13 |  514.8 |
        Temple |    195 |    139 |     56 |      0 |    137 |   1 |  195.0 |
          Lair |    597 |    582 |     15 |      0 |    428 |   2 |  298.5 |
   Spider Nest |    394 |    377 |     17 |      0 |     69 |   4 |   98.5 |
  Orcish Mines |    645 |    590 |     55 |      4 |    488 |   1 |  645.0 |
        Bailey |    369 |    369 |      0 |      0 |      0 |   1 |  369.0 |
               +--------+--------+--------+--------+--------+-----+--------+

Top non-repeatable levels by time:
    D:10: 884 daAuts
     D:5: 868 daAuts
     D:8: 844 daAuts
    D:12: 747 daAuts
   Orc:1: 645 daAuts
     D:9: 611 daAuts
    D:11: 574 daAuts
     D:7: 568 daAuts
     D:6: 493 daAuts
    D:13: 447 daAuts
  Lair:2: 435 daAuts
  Bailey: 369 daAuts
Spider:4: 242 daAuts
     D:3: 211 daAuts
  Temple: 195 daAuts
